 Dungeon Crawl Stone Soup version 0.29.0-4-gdea44cf6ec (webtiles) character file.

Game seed: 15027159557060396016

1163 qw the Chopper (level 8, -1/49 HPs)
             Began as a Gargoyle Delver on Sept 10, 2022.
             Slain by a white ugly thing (32 damage)
             ... on level 6 of the Dungeon.
             The game lasted 00:02:54 (6661 turns).

qw the Chopper (Gargoyle Delver)                    Turns: 6661, Time: 00:02:54

Health: -1/49      AC: 16    Str: 19    XL:     8   Next: 40%
Magic:  8/8        EV: 11    Int: 12    God:
Gold:   316        SH:  0    Dex: 11    Spells: 7/7 levels left

rFire   . . .      SeeInvis +   k - +0 hand axe (vamp)
rCold   . . .      Faith    .   (no shield)
rNeg    + . .      Spirit   .   j - +1 ring mail of Virtue {Str+2 SInv Stlth+}
rPois   inf        Reflect  .   (no helmet)
rElec   +          Harm     .   n - +1 cloak
rCorr   .          Rampage  .   i - +0 pair of gloves
Will    .....                   d - +0 pair of boots
Stlth   +++.......              (no amulet)
HPRegen 0.16/turn               (no ring)
MPRegen 0.11/turn               (no ring)

@: no status effects
A: sickness immunity, AC +5, negative energy resistance 1, electricity
resistance, torment resistance 1, petrification resistance
a: no special abilities


You were on level 6 of the Dungeon.
You visited 1 branch of the dungeon, and saw 6 of its levels.

You collected 316 gold pieces.


Innate Abilities, Weirdness & Mutations

You are immune to sickness and miasma.
Your stone body is resilient. (AC +5)
You are immune to poison.
You resist negative energy. (rN+)
You are resistant to electric shocks. (rElec)
You are resistant to unholy torment.
You are immune to petrification.


   Skills:
 - Level 5.2 Fighting
 + Level 7.8 Axes
 - Level 1.6 Throwing
 - Level 2.6 Armour
 - Level 1.5 Dodging
 - Level 5.4 Stealth


You had 7 spell levels left.
You didn't know any spells.
Your spell library was empty.

Inventory:

Hand Weapons
 k - a +0 vampiric hand axe (weapon)
 s - a +0 flail of draining
Missiles
 b - 4 boomerangs (quivered)
Armour
 d - a +0 pair of boots (worn)
 i - a +0 pair of gloves (worn)
 j - the +1 ring mail of Virtue (worn) {Str+2 SInv Stlth+}
   (You found it on level 3 of the Dungeon)

   Str:       It affects your strength (+2).
   SInv:      It lets you see invisible.
   Stlth:     It makes you more stealthy.
 n - a +1 cloak (worn)
Jewellery
 p - a ring of fire
Wands
 g - a wand of digging (3)
Scrolls
 h - 3 scrolls of teleportation
 m - a scroll of identify
Potions
 a - 4 potions of curing
 f - 2 potions of haste
 l - a potion of degeneration {unknown}

Dungeon Overview and Level Annotations

Branches:
Dungeon (6/15)             Temple (0/1) D:6

Altars:
Cheibriados
Dithmenos
Elyvilon
Hepliaklqana
Ru
Xom
Yredelemnul
The Shining One

Annotations:
D:6 Maggie


Message History

Where to? (* - list waypoints, Enter - Temple, ? - help) Sorry, I don't know how to get there.
A white ugly thing and a howler monkey come into view.
The white ugly thing tentacle-slaps you but does no damage.
You closely miss the white ugly thing. You barely miss the white ugly thing.
The howler monkey howls!
The white ugly thing tentacle-slaps you but does no damage.
The howler monkey hoots and howls with incredible vigour!
You hit the white ugly thing.
The white ugly thing is lightly wounded.
The white ugly thing tentacle-slaps you.
The white ugly thing freezes you!!
You slash the white ugly thing!
You feel better.
The white ugly thing is lightly wounded.
The white ugly thing tentacle-slaps you but does no damage.
You closely miss the white ugly thing.
The white ugly thing is lightly wounded.
The white ugly thing tentacle-slaps you but does no damage.
You hit the white ugly thing but do no damage.
The white ugly thing is lightly wounded.
The white ugly thing barely misses you.
You hit the white ugly thing.
The white ugly thing is lightly wounded.
The white ugly thing closely misses you.
You hit the white ugly thing.
You feel better.
The white ugly thing is moderately wounded.
The white ugly thing barely misses you.
You barely miss the white ugly thing.
The white ugly thing is moderately wounded.
The white ugly thing closely misses you.
You hit the white ugly thing but do no damage.
The white ugly thing is moderately wounded.
The white ugly thing closely misses you.
You hit the white ugly thing.
The white ugly thing is moderately wounded.
The white ugly thing tentacle-slaps you.
The white ugly thing freezes you!!
Ouch! That really hurt!
You die...

#########
##.uh....#
#.@## ##..#
###########
##.#
##.......5.##
##..#
#...######..#
#..## .....##
##.# #.##
......# #.#
#..##.#.#.
......##
#.####........
.......#
#....#########


You could see a white ugly thing and a howler monkey.

Vanquished Creatures
  A water moccasin (D:5)
  2 black bears (D:5)
  2 phantoms
  A kobold brigand (D:5)
  2 necrophages (D:5)
  2 scorpions
  A hound (D:5)
  A gnoll bouda (D:5)
  5 iguanas
  10 gnolls
  10 adders
  A worm (D:4)
  A dart slug (D:5)
  An orc (D:3)
  7 ball pythons
  5 bats
  8 endoplasms
  3 giant cockroaches
  3 goblins
  5 hobgoblins
  4 jackals (D:1)
  3 quokkas
  4 frilled lizards
  6 kobolds
  3 rats
91 creatures vanquished.

Notes
Turn   | Place    | Note
-------+----------+-------------------------------------------
     0 | D:5      | qw the Gargoyle Delver began the quest for the Orb.
     0 | D:5      | Reached XP level 1. HP: 14/14 MP: 1/1
     0 | D:5      | 0 ||| qw: Version: 0.1-a-117-gfe26ee0
     0 | D:5      | 0 ||| qw: Game counter: 9839
     0 | D:5      | 0 ||| qw: Always use a shield: true
     0 | D:5      | 0 ||| qw: God list: Okawaru
     0 | D:5      | 0 ||| qw: Allow faded altars: false
     0 | D:5      | 0 ||| qw: Do Orc after D:15 true
     0 | D:5      | 0 ||| qw: Do second Lair branch before Depths: true
     0 | D:5      | 0 ||| qw: Lair rune preference: random
     0 | D:5      | 0 ||| qw: Plans: Normal
     0 | D:5      | 0 ||| PLANNING D:1-11
    27 | D:5      | 27 ||| DROPPING scroll of fog.
    28 | D:5      | 28 ||| DROPPING scroll of magic mapping.
    29 | D:5      | 29 ||| DROPPING scroll of fear.
    31 | D:5      | Noticed a hound
    32 | D:5      | 32 ||| FLEEEEING.
    33 | D:5      | 33 ||| STAIRDANCE
    63 | D:4      | Reached skill level 2 in Axes
   200 | D:3      | 200 ||| Stepping ~*~*~tactically~*~*~ (stealth).
   201 | D:3      | 201 ||| Stepping ~*~*~tactically~*~*~ (stealth).
   270 | D:3      | 270 ||| Stepping ~*~*~tactically~*~*~ (stealth).
   284 | D:3      | 284 ||| Stepping ~*~*~tactically~*~*~ (stealth).
   295 | D:3      | 295 ||| Stepping ~*~*~tactically~*~*~ (stealth).
   297 | D:3      | 297 ||| Stepping ~*~*~tactically~*~*~ (stealth).
   299 | D:3      | 299 ||| Stepping ~*~*~tactically~*~*~ (stealth).
   300 | D:3      | 300 ||| Stepping ~*~*~tactically~*~*~ (stealth).
   303 | D:3      | 303 ||| Stepping ~*~*~tactically~*~*~ (stealth).
   304 | D:3      | 304 ||| Stepping ~*~*~tactically~*~*~ (stealth).
   305 | D:3      | 305 ||| Stepping ~*~*~tactically~*~*~ (stealth).
   306 | D:3      | 306 ||| Stepping ~*~*~tactically~*~*~ (stealth).
   308 | D:3      | 308 ||| Stepping ~*~*~tactically~*~*~ (stealth).
   309 | D:3      | 309 ||| Stepping ~*~*~tactically~*~*~ (stealth).
   324 | D:3      | 324 ||| Stepping ~*~*~tactically~*~*~ (stealth).
   345 | D:3      | Reached XP level 2. HP: 14/19 MP: 2/2
   379 | D:3      | 379 ||| Stepping ~*~*~tactically~*~*~ (stealth).
   380 | D:3      | 380 ||| Stepping ~*~*~tactically~*~*~ (stealth).
   381 | D:3      | 381 ||| Stepping ~*~*~tactically~*~*~ (stealth).
   386 | D:3      | 386 ||| Stepping ~*~*~tactically~*~*~ (stealth).
   436 | D:3      | 436 ||| READING scroll labelled ZAAGIPH NAOGAON.
   560 | D:1      | Reached skill level 3 in Axes
   634 | D:1      | Reached XP level 3. HP: 23/23 MP: 3/3
   916 | D:1      | 916 ||| Stepping ~*~*~tactically~*~*~ (stealth).
  1016 | D:1      | 1016 ||| Stepping ~*~*~tactically~*~*~ (stealth).
  1125 | D:1      | 1125 ||| Stepping ~*~*~tactically~*~*~ (stealth).
  1126 | D:1      | 1126 ||| Stepping ~*~*~tactically~*~*~ (stealth).
  1132 | D:1      | 1132 ||| Stepping ~*~*~tactically~*~*~ (stealth).
  1198 | D:1      | 1198 ||| Stepping ~*~*~tactically~*~*~ (stealth).
  1513 | D:1      | 1513 ||| UPGRADING to +0 pair of boots.
  1518 | D:1      | 1518 ||| READING scroll labelled OMEAMNA YDGHUPH.
  1519 | D:1      | 1519 ||| READING scroll labelled ALECAO BIOMEI.
  1520 | D:1      | 1520 ||| READING scroll labelled LUDAPE BEAP.
  1521 | D:1      | 1521 ||| READING scroll labelled ZUOH GOLADD.
  1525 | D:1      | 1525 ||| DRINKING 2 fuming dark potions.
  1609 | D:2      | 1609 ||| Stepping ~*~*~tactically~*~*~ (hiding).
  1711 | D:2      | 1711 ||| Stepping ~*~*~tactically~*~*~ (hiding).
  1813 | D:2      | 1813 ||| Stepping ~*~*~tactically~*~*~ (hiding).
  1915 | D:2      | 1915 ||| Stepping ~*~*~tactically~*~*~ (hiding).
  2017 | D:2      | 2017 ||| Stepping ~*~*~tactically~*~*~ (hiding).
  2183 | D:2      | 2183 ||| Stepping ~*~*~tactically~*~*~ (stealth).
  2524 | D:2      | Reached XP level 4. HP: 28/28 MP: 4/4
  2619 | D:2      | Reached skill level 4 in Axes
  2694 | D:2      | 2694 ||| DROPPING +0 whip.
  2738 | D:2      | 2738 ||| UPGRADING to +0 scale mail.
  2748 | D:2      | 2748 ||| DROPPING +0 leather armour.
  2749 | D:2      | 2749 ||| DRINKING 2 viscous cyan potions.
  2750 | D:2      | 2750 ||| DROPPING potion of attraction.
  2972 | D:3      | 2972 ||| Stepping ~*~*~tactically~*~*~ (stealth).
  2973 | D:3      | 2973 ||| Stepping ~*~*~tactically~*~*~ (stealth).
  2974 | D:3      | 2974 ||| Stepping ~*~*~tactically~*~*~ (stealth).
  2979 | D:3      | 2979 ||| Stepping ~*~*~tactically~*~*~ (hiding).
  3091 | D:3      | Reached skill level 1 in Armour
  3126 | D:3      | Reached XP level 5. HP: 25/32 MP: 5/5
  3199 | D:3      | Identified the +1 ring mail of Virtue {Str+2 SInv Stlth+}
  3588 | D:3      | 3588 ||| UPGRADING to +1 ring mail of Virtue {Str+2 SInv
                  | Stlth+}.
  3598 | D:3      | 3598 ||| DROPPING +0 scale mail.
  3599 | D:3      | 3599 ||| READING scroll labelled URUAFFO NICZUFF.
  3600 | D:3      | 3600 ||| READING 2 scrolls labelled SAANAC XUOCS.
  3601 | D:3      | 3601 ||| DRINKING 2 green potions.
  3602 | D:3      | 3602 ||| DROPPING scroll of immolation.
  3678 | D:4      | Reached skill level 5 in Axes
  3912 | D:4      | 3912 ||| Stepping ~*~*~tactically~*~*~ (stealth).
  4020 | D:4      | Found a snail-covered altar of Cheibriados.
  4022 | D:4      | Found a basalt altar of Yredelemnul.
  4025 | D:4      | Found a glowing golden altar of the Shining One.
  4032 | D:4      | Found a hazy altar of Hepliaklqana.
  4036 | D:4      | Found a white marble altar of Elyvilon.
  4039 | D:4      | Found a shimmering altar of Xom.
  4040 | D:4      | Found a sacrificial altar of Ru.
  4300 | D:4      | Found a shadowy altar of Dithmenos.
  4357 | D:4      | 4357 ||| UPGRADING to +0 pair of gloves.
  4362 | D:4      | 4362 ||| DROPPING +6 ring of intelligence.
  4363 | D:4      | 4363 ||| DRINKING 2 smoky sapphire potions.
  4364 | D:4      | 4364 ||| DROPPING potion of flight.
  4420 | D:5      | Reached XP level 6. HP: 38/38 MP: 6/6
  4507 | D:5      | 4507 ||| Stepping ~*~*~tactically~*~*~ (stealth).
  4621 | D:5      | 4621 ||| Stepping ~*~*~tactically~*~*~ (stealth).
  4622 | D:5      | Noticed a black bear
  4623 | D:5      | 4623 ||| Stepping ~*~*~tactically~*~*~ (stealth).
  4626 | D:5      | 4626 ||| Stepping ~*~*~tactically~*~*~ (stealth).
  4641 | D:5      | Reached skill level 6 in Axes
  4650 | D:5      | Reached XP level 7. HP: 31/43 MP: 7/7
  4697 | D:5      | 4697 ||| Stepping ~*~*~tactically~*~*~ (stealth).
  4801 | D:5      | 4801 ||| Stepping ~*~*~tactically~*~*~ (stealth).
  5185 | D:5      | 5185 ||| DROPPING +0 flail.
  5191 | D:5      | Identified the +7 quarterstaff "Mekax" {spect, Contam rElec
                  | rPois Str+3}
  5294 | D:5      | Reached skill level 7 in Axes
  5456 | D:5      | 5456 ||| READING scroll labelled DAM BONAOL.
  5457 | D:5      | 5457 ||| READING scroll labelled HAXOKA OWKUTA.
  5458 | D:5      | 5458 ||| DRINKING 2 inky potions.
  5459 | D:5      | 5459 ||| READING 2 scrolls of identify.
  5459 | D:5      | 5459 ||| IDENTIFYING murky ruby potion
  5460 | D:5      | 5460 ||| DROPPING potion of lignification.
  5461 | D:5      | 5461 ||| DROPPING potion of invisibility.
  5610 | D:6      | Reached XP level 8. HP: 37/49 MP: 8/8
  5823 | D:6      | Reached skill level 1 in Throwing
  5872 | D:6      | Identified the +0 longbow "Concordance" {freeze, rPois rF-
                  | Int-2 Dex+10}
  5890 | D:6      | Noticed Maggie
  5915 | D:6      | HP: 11/49 [Maggie/+1 broad axe of draining (5)]
  5916 | D:6      | 5916 ||| READING 5 scrolls of teleportation.
  5917 | D:6      | 5917 ||| DRINKING potion of heal wounds.
  6010 | D:6      | Found a staircase to the Ecumenical Temple.
  6013 | D:6      | 6013 ||| PLANNING TEMPLE
  6014 | D:6      | 6014 ||| UPGRADING to +1 cloak.
  6021 | D:6      | 6021 ||| DROPPING amulet of faith.
  6022 | D:6      | 6022 ||| DROPPING ring of magical power.
  6026 | D:6      | 6026 ||| FLEEEEING.
  6046 | D:6      | 6046 ||| FLEEEEING.
  6066 | D:6      | 6066 ||| FLEEEEING.
  6086 | D:6      | 6086 ||| FLEEEEING.
  6106 | D:6      | 6106 ||| FLEEEEING.
  6126 | D:6      | 6126 ||| FLEEEEING.
  6146 | D:6      | 6146 ||| FLEEEEING.
  6166 | D:6      | 6166 ||| FLEEEEING.
  6186 | D:6      | 6186 ||| FLEEEEING.
  6187 | D:6      | 6187 ||| FLEEEEING.
  6188 | D:6      | 6188 ||| FLEEEEING.
  6189 | D:6      | 6189 ||| FLEEEEING.
  6190 | D:6      | 6190 ||| FLEEEEING.
  6192 | D:6      | 6192 ||| FLEEEEING.
  6193 | D:6      | 6193 ||| FLEEEEING.
  6194 | D:6      | 6194 ||| FLEEEEING.
  6195 | D:6      | 6195 ||| FLEEEEING.
  6196 | D:6      | 6196 ||| FLEEEEING.
  6197 | D:6      | 6197 ||| FLEEEEING.
  6198 | D:6      | 6198 ||| FLEEEEING.
  6199 | D:6      | 6199 ||| FLEEEEING.
  6200 | D:6      | 6200 ||| FLEEEEING.
  6201 | D:6      | 6201 ||| FLEEEEING.
  6202 | D:6      | 6202 ||| FLEEEEING.
  6203 | D:6      | 6203 ||| FLEEEEING.
  6204 | D:6      | 6204 ||| FLEEEEING.
  6205 | D:6      | 6205 ||| FLEEEEING.
  6206 | D:6      | 6206 ||| FLEEEEING.
  6207 | D:6      | 6207 ||| FLEEEEING.
  6208 | D:6      | 6208 ||| FLEEEEING.
  6209 | D:6      | 6209 ||| FLEEEEING.
  6210 | D:6      | 6210 ||| FLEEEEING.
  6211 | D:6      | 6211 ||| FLEEEEING.
  6217 | D:6      | 6217 ||| FLEEEEING.
  6218 | D:6      | 6218 ||| FLEEEEING.
  6223 | D:6      | 6223 ||| FLEEEEING.
  6224 | D:6      | 6224 ||| FLEEEEING.
  6225 | D:6      | 6225 ||| FLEEEEING.
  6226 | D:6      | 6226 ||| FLEEEEING.
  6227 | D:6      | 6227 ||| FLEEEEING.
  6228 | D:6      | 6228 ||| FLEEEEING.
  6229 | D:6      | 6229 ||| FLEEEEING.
  6230 | D:6      | 6230 ||| FLEEEEING.
  6231 | D:6      | 6231 ||| FLEEEEING.
  6232 | D:6      | 6232 ||| FLEEEEING.
  6233 | D:6      | 6233 ||| FLEEEEING.
  6234 | D:6      | 6234 ||| FLEEEEING.
  6235 | D:6      | 6235 ||| FLEEEEING.
  6236 | D:6      | 6236 ||| FLEEEEING.
  6237 | D:6      | 6237 ||| FLEEEEING.
  6238 | D:6      | 6238 ||| FLEEEEING.
  6239 | D:6      | 6239 ||| FLEEEEING.
  6240 | D:6      | 6240 ||| FLEEEEING.
  6241 | D:6      | 6241 ||| FLEEEEING.
  6248 | D:6      | 6248 ||| FLEEEEING.
  6249 | D:6      | 6249 ||| FLEEEEING.
  6250 | D:6      | 6250 ||| FLEEEEING.
  6251 | D:6      | 6251 ||| FLEEEEING.
  6252 | D:6      | 6252 ||| FLEEEEING.
  6253 | D:6      | 6253 ||| FLEEEEING.
  6254 | D:6      | 6254 ||| FLEEEEING.
  6255 | D:6      | 6255 ||| FLEEEEING.
  6262 | D:6      | 6262 ||| FLEEEEING.
  6263 | D:6      | 6263 ||| FLEEEEING.
  6264 | D:6      | 6264 ||| FLEEEEING.
  6265 | D:6      | 6265 ||| FLEEEEING.
  6266 | D:6      | 6266 ||| FLEEEEING.
  6267 | D:6      | 6267 ||| FLEEEEING.
  6268 | D:6      | 6268 ||| FLEEEEING.
  6269 | D:6      | 6269 ||| FLEEEEING.
  6270 | D:6      | 6270 ||| FLEEEEING.
  6271 | D:6      | 6271 ||| FLEEEEING.
  6272 | D:6      | 6272 ||| FLEEEEING.
  6275 | D:6      | 6275 ||| FLEEEEING.
  6276 | D:6      | 6276 ||| FLEEEEING.
  6277 | D:6      | 6277 ||| FLEEEEING.
  6278 | D:6      | 6278 ||| FLEEEEING.
  6279 | D:6      | 6279 ||| FLEEEEING.
  6280 | D:6      | 6280 ||| FLEEEEING.
  6284 | D:6      | 6284 ||| FLEEEEING.
  6285 | D:6      | 6285 ||| FLEEEEING.
  6286 | D:6      | 6286 ||| FLEEEEING.
  6287 | D:6      | 6287 ||| STAIRDANCE
  6331 | D:6      | 6331 ||| STAIRDANCE
  6335 | D:6      | 6335 ||| STAIRDANCE
  6339 | D:6      | 6339 ||| STAIRDANCE
  6347 | D:6      | 6347 ||| STAIRDANCE
  6365 | D:6      | 6365 ||| STAIRDANCE
  6369 | D:6      | 6369 ||| STAIRDANCE
  6373 | D:6      | 6373 ||| STAIRDANCE
  6410 | D:6      | HP: 12/49 [Maggie/+1 broad axe of draining (2)]
  6411 | D:6      | 6411 ||| READING 4 scrolls of teleportation.
  6649 | D:6      | Noticed a white ugly thing
  6661 | D:6      | Slain by a white ugly thing

Levels and vault maps discovered:
D:1:      matt_arrival_refuge, layout_rooms
D:2:      layout_rooms, minmay_tromino_v7
D:3:      layout_loops_ring, chequers_serial_rivers_micro_d,
          minmay_splitting_lines
D:4:      layout_basic, mainiacjoe_overflow_alcove_2,
          nicolae_overflow_hallway_of_the_gods, grunt_ministairs_6,
          hangedman_decor_peaks_small
D:5:      layout_gridville
D:6:      kennysheep_spiral_hall, layout_gridville,
          minmay_temple_entry_statues_fountains, serial_shops, kennysheep_mini,
          minmay_misc_feat_doors, minmay_small_thing, uniq_maggie

Skill      XL: |  1  2  3  4  5  6  7  8 |
---------------+-------------------------+-----
Axes           | 2 3 4 5 6 7 |  7.8
Armour         | 1 2 |  2.6
Fighting       | 4 5 |  5.2
Throwing       | 1 |  1.6
Dodging        | |  1.5
Stealth        | |  5.4

Action                   |  1- 3 |  4- 6 |  7- 9 || total
-------------------------+-------+-------+-------++-------
Melee: Hand axe          |   134 |   172 |   236 ||   542
       Punch             |     2 |     2 |     4 ||     8
Throw: Boomerang         |       |    22 |    24 ||    46
  Use: Scroll            |     5 |     2 |     5 ||    12
       Potion            |     1 |     3 |     2 ||     6
 Stab: Distracted        |       |     1 |       ||     1
       Sleeping          |       |       |     2 ||     2
Armor: Leather armour    |    69 |     7 |       ||    76
       Scale mail        |       |    31 |       ||    31
       Ring mail         |       |    46 |   145 ||   191
Dodge: Dodged            |    88 |    89 |   147 ||   324

Table legend:
 A = Non-vault XP
 B = Vault XP
 C = Vault XP percentage of total XP
 D = Non-vault monster count
 E = Vault monster count
 F = Vault count percentage of total count
                 A         B        C        D         E       F
            +---------+---------+-------+---------+---------+-------
      Total |    1521 |     141 |   8.5 |      81 |      10 |  11.0
            +---------+---------+-------+---------+---------+-------
        D:1 |      29 |       0 |   0.0 |      18 |       0 |   0.0
        D:2 |      44 |      17 |  27.9 |      12 |       4 |  25.0
        D:3 |      95 |       0 |   0.0 |      19 |       0 |   0.0
        D:4 |     104 |       4 |   3.7 |       6 |       2 |  25.0
        D:5 |    1028 |       0 |   0.0 |      22 |       0 |   0.0
        D:6 |     221 |     120 |  35.2 |       4 |       4 |  50.0
            +---------+---------+-------+---------+---------+-------
